[Event "Titled Tuesday Blitz February 15 Early 2022"]
[White "Balaji, Aaravamudhan"]
[Black "Makarian, Rudik"]
[WhiteFideId "436224"]
[BlackFideId "44105681"]
[WhiteElo "2085"]
[BlackElo "2486"]
[Result "0-1"]
[Round "06"]
[TimeControl "180+1"]
[Date "2022.02.15"]
[WhiteClock "0:00:05"]
[BlackClock "0:00:03"]

1. Nf3 b5 2. g3 Bb7 3. Bg2 Nf6 4. O-O e6 5. d3 d5 6. Nbd2 c5 7. e4 Nc6 8. e5 Nd7 9. Re1 Qc7 10. Qe2 Be7 11. Nf1 O-O 12. h4 Rfc8 13. N1h2 Qd8 14. h5 h6 15. Ng4 Bf8 16. Bxh6 gxh6 17. Qd2 Nd4 18. Nxd4 cxd4 19. Nxh6+ Bxh6 20. Qxh6 Qf8 21. Qf4 Rxc2 22. Qxd4 Rac8 23. Re3 Qh6 24. Qh4 d4 25. Qxd4 Bxg2 26. Kxg2 Nb6 27. Rh1 Nd5 28. Rf3 Re2 29. Qg4+ Kh8 30. Qh4 Rg8 31. Rxf7 Rxb2 32. Qd4 Rxa2 33. Rh4 Qg5 34. Qe4 Qxg3+ 35. Kf1 Qg1# 0-1


[Site "https://www.chess.com"]

[Event "Titled Tuesday Blitz February 15 Early 2022"]
[White "Barp, Alberto"]
[Black "Lauridsen, Jesper Morch"]
[WhiteFideId "872555"]
[BlackFideId "1401890"]
[WhiteElo "2229"]
[BlackElo "2206"]
[Result "1-0"]
[Round "06"]
[TimeControl "180+1"]
[Date "2022.02.15"]
[WhiteClock "0:01:05"]
[BlackClock "0:01:38"]

1. Nc3 Nf6 2. d4 d5 3. Bf4 c6 4. f3 Bf5 5. g4 Bc8 6. h4 e6 7. e3 Bb4 8. Ne2 c5 9. a3 Ba5 10. dxc5 Bxc3+ 11. Nxc3 Nc6 12. Bd6 e5 13. g5 d4 14. exd4 exd4 15. Qe2+ Be6 16. Nb5 Nd5 17. O-O-O a6 18. Nxd4 Nxd4 19. Rxd4 Kd7 20. Qd2 Kc6 21. f4 Re8 22. Bg2 Qd7 23. Rxd5 Bxd5 24. Bxd5+ Kb5 25. c4+ Ka4 26. Qb4# 1-0


[Site "https://www.chess.com"]

[Event "Titled Tuesday Blitz February 15 Early 2022"]
[White "Batsiashvili, Nino"]
[Black "Ruperez Benito, Antonio"]
[WhiteFideId "13602993"]
[BlackFideId "22245049"]
[WhiteElo "2230"]
[BlackElo "2249"]
[Result "0-1"]
[Round "06"]
[TimeControl "180+1"]
[Date "2022.02.15"]
[WhiteClock "0:00:01"]
[BlackClock "0:00:25"]

1. d4 Nf6 2. c4 e6 3. Nc3 Bb4 4. Nf3 O-O 5. Bg5 d5 6. e3 b6 7. cxd5 exd5 8. Bd3 c5 9. O-O h6 10. Bxf6 gxf6 11. dxc5 Bxc3 12. bxc3 bxc5 13. c4 f5 14. Ne5 Qf6 15. f4 Nc6 16. Qh5 Nxe5 17. fxe5 Qxe5 18. Qxh6 dxc4 19. Bxf5 Qg7 20. Qxg7+ Kxg7 21. Rac1 Ba6 22. g4 Rfe8 23. Kf2 Rab8 24. Rfe1 Rb2+ 25. Re2 Rh8 26. Rh1 c3 27. Rxb2 cxb2 28. h4 Rd8 29. h5 Rd2+ 30. Kg3 c4 31. h6+ Kh8 32. Rh5 c3 33. Rg5 Bd3 0-1


[Site "https://www.chess.com"]

[Event "Titled Tuesday Blitz February 15 Early 2022"]
[White "Bintang, Rasyid A. Hidayat"]
[Black "Kett, Tim"]
[WhiteFideId "7105355"]
[BlackFideId "1801210"]
[WhiteElo "2348"]
[BlackElo "2098"]
[Result "1-0"]
[Round "06"]
[TimeControl "180+1"]
[Date "2022.02.15"]
[WhiteClock "0:00:48"]
[BlackClock "0:00:32"]

1. d4 d5 2. Bf4 e6 3. e3 c5 4. Nd2 Nc6 5. Ngf3 Nf6 6. c3 Nh5 7. Bg5 Qb6 8. Rb1 h6 9. Bh4 g5 10. Ne5 Ng7 11. Bg3 h5 12. h4 Nf5 13. Nxc6 Nxg3 14. fxg3 bxc6 15. hxg5 cxd4 16. exd4 c5 17. Nf3 cxd4 18. Qxd4 Qxd4 19. Nxd4 Be7 20. g6 fxg6 21. Bd3 Kf7 22. O-O+ Kg7 23. Rbe1 Rb8 24. Rf2 Rb6 25. Ref1 Rf8 26. Rxf8 Bxf8 27. Bxg6 Bc5 28. Bxh5 e5 29. b4 exd4 30. bxc5 Rh6 31. Bf3 dxc3 32. Bxd5 Be6 33. Bxe6 Rxe6 34. Rc1 Re3 35. Kf2 Rd3 36. c6 Rd2+ 37. Ke3 Rd8 38. Rxc3 Kf6 39. c7 Rc8 40. Kd4 Ke6 41. Rc6+ Kd7 42. Kc5 Rg8 43. c8=Q+ Rxc8 44. Rxc8 Kxc8 45. Kb5 Kb7 46. a4 a6+ 47. Kc5 a5 48. Kb5 Kc7 49. Kxa5 Kb7 50. Kb5 Kc7 51. g4 Kb7 52. a5 Kc7 53. g5 Kd7 54. g6 Ke6 55. a6 Kf6 56. a7 Kxg6 57. a8=Q Kf5 58. Qf3+ Ke6 59. g4 Ke5 60. Qf5+ Kd6 61. g5 Ke7 62. g6 Kd6 63. g7 Ke7 64. Qg5+ Kd6 65. g8=Q Kd7 66. Q8g7+ Kd6 67. Q5e5# 1-0


[Site "https://www.chess.com"]

[Event "Titled Tuesday Blitz February 15 Early 2022"]
[White "Blokhin, Sofia"]
[Black "Bon, Michael"]
[WhiteFideId "4508190"]
[BlackFideId "620696"]
[WhiteElo "1762"]
[BlackElo "2442"]
[Result "0-1"]
[Round "06"]
[TimeControl "180+1"]
[Date "2022.02.15"]
[WhiteClock "0:00:13"]
[BlackClock "0:00:08"]

1. e4 e6 2. d4 d5 3. e5 c5 4. c3 Nc6 5. Nf3 Qb6 6. a3 Nge7 7. Bd3 Bd7 8. Bc2 Rc8 9. O-O Ng6 10. h4 Be7 11. g3 cxd4 12. cxd4 Na5 13. Nc3 Nc4 14. h5 Nf8 15. Rb1 Qc7 16. Bb3 Nxa3 17. bxa3 Qxc3 18. Bb2 Qc7 19. Rc1 Qb8 20. Qd3 Bc6 21. Nh2 Nd7 22. f4 g6 23. Qf3 Bb5 24. Rfe1 Rxc1 25. Rxc1 Nb6 26. g4 Nc4 27. Bxc4 Bxc4 28. f5 gxf5 29. gxf5 Rg8+ 30. Kh1 Rg5 31. f6 Bf8 32. Qd1 b5 33. Rc3 Qb6 34. Rh3 h6 35. Nf3 Rf5 36. Nd2 Qa5 37. Nxc4 bxc4 38. Qc1 Qb5 39. Qc3 a6 40. Kh2 Rf2+ 41. Kg1 Rxb2 0-1


[Site "https://www.chess.com"]

[Event "Titled Tuesday Blitz February 15 Early 2022"]
[White "Bluebaum, Matthias"]
[Black "Noroozi, Omid"]
[WhiteFideId "24651516"]
[BlackFideId "12501190"]
[WhiteElo "2550"]
[BlackElo "2236"]
[Result "0-1"]
[Round "06"]
[TimeControl "180+1"]
[Date "2022.02.15"]
[WhiteClock "0:00:09"]
[BlackClock "0:00:11"]

1. d4 Nf6 2. c4 e6 3. Nc3 Bb4 4. e3 O-O 5. Bd2 b6 6. Bd3 Bb7 7. Nf3 d6 8. b3 Nbd7 9. a3 Bxc3 10. Bxc3 Ne4 11. Bb2 f5 12. O-O Qe8 13. Nd2 Qh5 14. f3 Nxd2 15. Qxd2 Rf6 16. e4 fxe4 17. fxe4 Raf8 18. d5 e5 19. b4 Bc8 20. h3 Rg6 21. Kh1 Nf6 22. Qe3 Qh4 23. Rf3 Nh5 24. Rxf8+ Kxf8 25. Bc3 Rg3 26. Qf2+ Nf4 27. Be1 Rxh3+ 28. gxh3 Qxh3+ 29. Kg1 Qxd3 30. Qh4 Qxe4 31. Ra2 h5 32. Kh2 Qxc4 33. Rd2 Kf7 34. Bg3 Bg4 35. Rf2 Kg6 36. Qe7 Qxd5 37. Qxc7 Kh7 38. Qc2+ Kh6 39. Qc1 g5 40. Qc7 h4 41. Bxf4 exf4 42. Qd8 Bf5 43. Qf8+ Kg6 44. Qe8+ Qf7 45. Qd8 Qf6 46. Qg8+ Kh6 47. Re2 f3 48. Re8 f2 49. Rf8 Qe5+ 50. Kg2 Qg3+ 51. Kf1 Bd3# 0-1


[Site "https://www.chess.com"]

[Event "Titled Tuesday Blitz February 15 Early 2022"]
[White "Bodnaruk, Anastasia"]
[Black "Popadic, Dragan"]
[WhiteFideId "4181751"]
[BlackFideId "913650"]
[WhiteElo "2393"]
[BlackElo "2199"]
[Result "1/2-1/2"]
[Round "06"]
[TimeControl "180+1"]
[Date "2022.02.15"]
[WhiteClock "0:00:10"]
[BlackClock "0:00:07"]

1. e4 c5 2. Nc3 Nc6 3. Bb5 Nd4 4. Bc4 e6 5. Nge2 Ne7 6. O-O a6 7. a4 Nec6 8. d3 Be7 9. Be3 O-O 10. f4 Bf6 11. e5 Be7 12. Ne4 d5 13. exd6 Bxd6 14. c3 Nxe2+ 15. Qxe2 b6 16. Rad1 Be7 17. Ng5 Bb7 18. Nf3 Bf6 19. d4 cxd4 20. Nxd4 Nxd4 21. Bxd4 Bxd4+ 22. Rxd4 Qc7 23. Rfd1 Rad8 24. Bb3 Rxd4 25. Rxd4 Rd8 26. Rxd8+ Qxd8 27. Bc2 Qd5 28. Bd3 a5 29. Bc4 Qc5+ 30. Kf1 g6 31. Qd3 Qc6 32. Qe2 Qd6 33. g3 Qc6 34. Ke1 Qh1+ 35. Kd2 Qb1 36. Ke3 Qe4+ 37. Kd2 Qc6 38. Bb5 Qh1 39. Bd3 Qd5 40. Kc2 Bc6 41. b3 Qc5 42. Kb2 h5 43. Be4 Bxe4 44. Qxe4 Qf2+ 45. Qc2 Qe3 46. b4 h4 47. bxa5 bxa5 48. Qg2 hxg3 49. hxg3 Qb6+ 50. Kc2 Qc5 51. Qe2 Qa3 52. Qc4 Qa1 53. Qc8+ Kg7 54. Qd7 Qa2+ 55. Kc1 Qf2 56. Qd4+ Qxd4 57. cxd4 Kf8 58. Kc2 Ke7 59. Kc3 Kd6 60. Kc4 Kc6 61. g4 f6 62. Kc3 Kd6 63. Kc4 Kc6 64. Kc3 Kd5 65. Kd3 e5 66. dxe5 fxe5 67. f5 gxf5 68. gxf5 e4+ 69. Ke3 Ke5 70. f6 Kxf6 71. Kxe4 Ke6 72. Kd4 Kd6 73. Kc4 Kc6 74. Kd4 Kd6 75. Kc4 Kc6 76. Kd4 Kd6 1/2-1/2


[Site "https://www.chess.com"]

[Event "Titled Tuesday Blitz February 15 Early 2022"]
[White "Boraso, Alessio"]
[Black "Rozhkov, Viacheslav"]
[WhiteFideId "848077"]
[BlackFideId "4181484"]
[WhiteElo "2277"]
[BlackElo "2324"]
[Result "1-0"]
[Round "06"]
[TimeControl "180+1"]
[Date "2022.02.15"]
[WhiteClock "0:00:03"]
[BlackClock "0:00:09"]

1. e4 c5 2. Nf3 d6 3. Bb5+ Nd7 4. d4 cxd4 5. Qxd4 a6 6. Bxd7+ Bxd7 7. O-O e5 8. Qd3 Rc8 9. Nc3 h6 10. Be3 Nf6 11. Rfd1 Bc6 12. Nd2 Be7 13. a4 O-O 14. a5 d5 15. exd5 Nxd5 16. Nxd5 Qxd5 17. Qxd5 Bxd5 18. c3 Rfd8 19. Bb6 Rd6 20. b4 Rxc3 21. Bc5 Rg6 22. Bxe7 Rxg2+ 23. Kf1 Rxh2 24. Bc5 Bc6 25. f3 Rd3 26. Bf2 f5 27. Kg1 Rh3 28. Nc4 Rxd1+ 29. Rxd1 Bxf3 30. Rd8+ Kh7 31. Bc5 e4 32. Bd4 Rg3+ 33. Kf2 Rg2+ 34. Ke3 g5 35. Rh8+ Kg6 36. Ne5+ Kh5 37. Nxf3 Rg3 38. Bg7 Rxf3+ 39. Ke2 Kg4 40. Rxh6 Rb3 41. Rg6 f4 42. Bf6 Kf5 43. Rh6 Rb2+ 44. Bxb2 g4 45. Rf6+ Kg5 46. Re6 Kf5 47. Re5+ Kg6 48. Rxe4 Kg5 49. Re5+ 1-0


[Site "https://www.chess.com"]

[Event "Titled Tuesday Blitz February 15 Early 2022"]
[White "Borisova, Ekaterina"]
[Black "Firat, Burak"]
[WhiteFideId "34124184"]
[BlackFideId "6305881"]
[WhiteElo "2034"]
[BlackElo "2419"]
[Result "1-0"]
[Round "06"]
[TimeControl "180+1"]
[Date "2022.02.15"]
[WhiteClock "0:00:19"]
[BlackClock "0:01:54"]

1. d4 d5 2. c4 c6 3. cxd5 cxd5 4. Bf4 Nf6 5. Nc3 Nc6 6. e3 a6 7. Rc1 Bg4 8. Nf3 e6 9. Qb3 Bxf3 10. gxf3 Bd6 11. Qxb7 Na5 12. Qxa8 Qxa8 13. Bxd6 Kd7 14. Ba3 Nc4 15. Bxc4 dxc4 16. e4 Qc6 17. Rg1 g6 18. Rg5 Qc7 19. Rc5 Qxh2 20. Na4 Qg1+ 21. Ke2 Qxc1 22. Nb6+ Kd6 23. e5+ Ke7 24. Rxc4+ Kd8 25. Rxc1 1-0


[Site "https://www.chess.com"]

[Event "Titled Tuesday Blitz February 15 Early 2022"]
[White "Bortnyk, Olexandr"]
[Black "Cunjalo, Faris"]
[WhiteFideId "14120828"]
[BlackFideId "14410710"]
[WhiteElo "2723"]
[BlackElo "2263"]
[Result "0-1"]
[Round "06"]
[TimeControl "180+1"]
[Date "2022.02.15"]
[WhiteClock "0:00:04"]
[BlackClock "0:00:07"]

1. e4 c6 2. c4 d5 3. cxd5 cxd5 4. exd5 Nf6 5. Qa4+ Nbd7 6. Nc3 a6 7. Nf3 g6 8. Bc4 Bg7 9. d3 O-O 10. Qa3 Nb6 11. Qb3 Bg4 12. Ne5 Bf5 13. O-O Ne8 14. Re1 Nd6 15. f4 Rc8 16. Be3 Nd7 17. Nxd7 Qxd7 18. a4 b5 19. axb5 Bxc3 20. Qxc3 axb5 21. Ra7 Qd8 22. Qe5 bxc4 23. Bd4 f6 24. Qxe7 Rf7 25. Qxd8+ Rxd8 26. dxc4 Rxa7 27. Bxa7 Nxc4 28. b3 Nd2 29. b4 Rxd5 30. Re7 Rd7 31. Re8+ Kf7 32. Rh8 Kg7 33. Ra8 Be4 34. Rc8 Rxa7 35. Kf2 Bf5 36. Re8 h5 37. h3 Rb7 38. Kg3 Rxb4 39. Rd8 Ne4+ 40. Kh4 Nc5 41. g3 Ne6 42. Re8 Nxf4 43. Re7+ Kf8 44. gxf4 Kxe7 45. Kg3 Rb3+ 46. Kg2 Rxh3 47. Kf2 Ke6 48. Kg2 Kd5 0-1


[Site "https://www.chess.com"]

[Event "Titled Tuesday Blitz February 15 Early 2022"]
[White "Boruchovsky, Avital"]
[Black "Jobava, Baadur"]
[WhiteFideId "2800055"]
[BlackFideId "13601520"]
[WhiteElo "2469"]
[BlackElo "2617"]
[Result "0-1"]
[Round "06"]
[TimeControl "180+1"]
[Date "2022.02.15"]
[WhiteClock "0:00:11"]
[BlackClock "0:00:48"]

1. e4 c6 2. d4 d5 3. e5 Bf5 4. Nf3 e6 5. Be2 h6 6. O-O Ne7 7. Re1 Bh7 8. Nbd2 Ng6 9. Nf1 c5 10. c4 dxc4 11. Bxc4 cxd4 12. Qb3 Qb6 13. Nxd4 Bc5 14. Qxb6 Bxb6 15. Bb5+ Nd7 16. Be3 Rd8 17. Rad1 Ke7 18. f4 Nc5 19. Ng3 Nxf4 20. Bxf4 Nd3 21. Bxd3 Rxd4 22. Be3 Rxd3 23. Bxb6 axb6 24. Rxd3 Bxd3 25. Rd1 Bc4 26. Rd6 Bxa2 27. Rxb6 Bd5 28. Ne2 Rc8 29. Nc3 Bc6 30. Kf2 Rd8 31. b4 Rd2+ 32. Ke3 Rxg2 33. b5 Rb2 34. Kd4 Kd8 35. Kc5 Kc7 36. Na4 Rc2+ 37. Kb4 Bd5 38. Rd6 Rc4+ 39. Ka5 Rxa4+ 40. Kxa4 b6 41. Kb4 f6 42. exf6 gxf6 0-1


[Site "https://www.chess.com"]

[Event "Titled Tuesday Blitz February 15 Early 2022"]
[White "Brodowski, Piotr"]
[Black "Ferreira, Vitor Hugo Vieira"]
[WhiteFideId "1124480"]
[BlackFideId "2119765"]
[WhiteElo "2422"]
[BlackElo "2216"]
[Result "0-1"]
[Round "06"]
[TimeControl "180+1"]
[Date "2022.02.15"]
[WhiteClock "0:00:32"]
[BlackClock "0:01:24"]

1. d4 d5 2. c4 c6 3. Nc3 Nf6 4. e3 e6 5. Nf3 Nbd7 6. Qc2 Bd6 7. g4 Nxg4 8. Rg1 Qf6 9. Be2 Nxh2 10. Nxh2 Bxh2 11. Rg2 Bd6 12. e4 dxe4 13. Nxe4 Bb4+ 14. Kf1 Qf5 15. c5 O-O 16. Bh6 Qh3 17. Bd2 Bxd2 18. Qxd2 f5 19. Qg5 Rf7 20. Nd6 h6 21. Qg6 Re7 22. Bc4 Nf8 23. Qf6 Qxg2+ 24. Kxg2 gxf6 25. Nxf5 Rh7 26. Rg1 Kh8 27. Kf3 Bd7 28. Nd6 b6 29. Bd3 Rg7 30. Rh1 bxc5 31. Rxh6+ Kg8 32. dxc5 f5 33. Bc4 Ng6 34. Ke3 Ne5 35. Bb3 Ng4+ 36. Kf4 Nxh6 37. Ke5 Ng4+ 38. Kf4 Kf8 39. f3 e5+ 40. Kg3 Ne3+ 41. Kh4 Ke7 0-1


[Site "https://www.chess.com"]

[Event "Titled Tuesday Blitz February 15 Early 2022"]
[White "Cherniaiev, Tykhon"]
[Black "Martin Carmona, Gaston Manuel"]
[WhiteFideId "14182360"]
[BlackFideId "22284567"]
[WhiteElo "2289"]
[BlackElo "2161"]
[Result "1/2-1/2"]
[Round "06"]
[TimeControl "180+1"]
[Date "2022.02.15"]
[WhiteClock "0:00:08"]
[BlackClock "0:00:05"]

1. Nf3 Nf6 2. c4 g6 3. b3 Bg7 4. Bb2 O-O 5. g3 b6 6. Bg2 Bb7 7. O-O c5 8. d4 cxd4 9. Nxd4 Qc8 10. Nc3 Bxg2 11. Kxg2 Qb7+ 12. f3 Nc6 13. e4 Ng4 14. Nd5 e6 15. fxg4 exd5 16. exd5 Ne5 17. Nb5 Nxg4 18. Qxg4 Bxb2 19. Rae1 f5 20. Qf4 Bf6 21. h4 a6 22. Qc7 Qxc7 23. Nxc7 Ra7 24. d6 Bc3 25. Re7 Bb4 26. Rxd7 b5 27. Rd1 bxc4 28. bxc4 Rc8 29. Nd5 Rxd7 30. Nf6+ Kf7 31. Nxd7 Ke6 32. Nb6 Rd8 33. d7 Ba5 34. Nd5 Rxd7 35. Kf3 Rd6 36. Rd3 Rc6 37. Nf4+ Ke7 38. Nd5+ Ke6 39. Rd4 Bb6 40. Rd1 Bc5 41. Nf4+ Ke7 42. Re1+ Kf7 43. Nd3 Bd4 44. Rc1 a5 45. a4 Rb6 46. c5 Rb3 47. Ke2 Ke6 48. c6 Rb8 49. Nf4+ Kd6 50. Kd3 Be5 51. Ne2 Rc8 52. Rc4 Rxc6 53. Rxc6+ Kxc6 54. Kc4 Bc7 55. Nd4+ Kd7 56. Ne2 h6 57. Kd5 g5 58. hxg5 hxg5 59. Nd4 f4 60. gxf4 gxf4 61. Nf3 Bd6 62. Nd4 Bb4 63. Nf3 Bc3 64. Ke4 Kc6 65. Kxf4 Kc5 66. Ke4 Kb4 67. Kd3 Bf6 68. Nd2 Kxa4 69. Nc4 Kb4 1/2-1/2


[Site "https://www.chess.com"]

[Event "Titled Tuesday Blitz February 15 Early 2022"]
[White "Chernomordik, Pavel"]
[Black "Glidzhain, Gor"]
[WhiteFideId "2804530"]
[BlackFideId "24109932"]
[WhiteElo "2249"]
[BlackElo "2229"]
[Result "0-1"]
[Round "06"]
[TimeControl "180+1"]
[Date "2022.02.15"]
[WhiteClock "0:00:01"]
[BlackClock "0:00:12"]

1. e4 e5 2. Nf3 d6 3. d4 exd4 4. Qxd4 Nf6 5. Bg5 Be7 6. Nc3 O-O 7. O-O-O Nc6 8. Qd2 Be6 9. Kb1 a6 10. h3 b5 11. Nd4 Nxd4 12. Qxd4 c5 13. Qe3 Qa5 14. Nd5 Bxd5 15. exd5 Rfe8 16. g4 Nxd5 17. Qd2 Qxd2 18. Bxd2 Nb6 19. Bg2 Rab8 20. Bf4 Red8 21. Rhe1 Bf8 22. b3 a5 23. Rd2 a4 24. Red1 a3 25. c3 Nc8 26. Kc2 b4 27. c4 h6 28. Be4 Re8 29. Bf5 g6 30. Bxc8 Rbxc8 31. Bxd6 Bg7 32. Rd5 Bd4 33. Bg3 Re2+ 34. Rd2 Rce8 35. Kd3 Re1 36. Bd6 Bc3 37. Bxc5 Bxd2 38. Kxd2 R1e2+ 39. Kd3 Rxa2 40. Bxb4 Rb2 41. Bc3 Rxb3 42. Kc2 Rbb8 43. Ra5 Ra8 44. Rxa8 Rxa8 45. Kb3 a2 46. Ba1 Kf8 47. c5 Ke7 48. Kc4 Kd7 49. Kd5 Rb8 50. c6+ Kc8 0-1


[Site "https://www.chess.com"]

[Event "Titled Tuesday Blitz February 15 Early 2022"]
[White "Chincholimath, Halsagar"]
[Black "Bures, Vit"]
[WhiteFideId "5022487"]
[BlackFideId "309052"]
[WhiteElo "1737"]
[BlackElo "2118"]
[Result "0-1"]
[Round "06"]
[TimeControl "180+1"]
[Date "2022.02.15"]
[WhiteClock "0:00:13"]
[BlackClock "0:00:10"]

1. e4 e5 2. Nf3 Nc6 3. Nc3 Nf6 4. d4 exd4 5. Nxd4 Bb4 6. Nxc6 bxc6 7. Bd3 d5 8. O-O O-O 9. exd5 cxd5 10. Bg5 c6 11. Qf3 Bd6 12. Ne2 Be6 13. Ng3 Be5 14. c3 Qb8 15. Bxf6 Bxf6 16. Nh5 Be5 17. h3 Qxb2 18. Rae1 Bxc3 19. Re2 Qa3 20. Rc2 g6 21. Qg3 Bh8 22. Rxc6 Rfc8 23. Rxe6 fxe6 24. Nf4 Be5 25. Qg4 Bxf4 26. Qxe6+ Kg7 27. Qxd5 Qc5 28. Qd7+ Kh8 29. Re1 Rc7 30. Re8+ Rxe8 31. Qxe8+ Kg7 32. g3 Qe5 33. Qb5 Qxb5 34. Bxb5 Bd6 35. a4 Rc2 36. Kg2 Bc5 37. Kf3 Rxf2+ 38. Kg4 Ra2 39. h4 Ra3 40. h5 gxh5+ 41. Kg5 Rxg3+ 42. Kxh5 Ra3 43. a5 Rxa5 44. Bd7 Be7+ 45. Kg4 Rd5 46. Be6 Rd4+ 47. Kf5 a5 48. Ba2 Bf6 49. Bf7 a4 50. Bg8 a3 51. Ba2 Rd2 52. Bf7 a2 53. Bxa2 Rxa2 54. Kg4 Ra4+ 55. Kh5 Rh4# 0-1


[Site "https://www.chess.com"]

[Event "Titled Tuesday Blitz February 15 Early 2022"]
[White "Corrales Jimenez, Fidel"]
[Black "Grischuk, Alexander"]
[WhiteFideId "3506690"]
[BlackFideId "4126025"]
[WhiteElo "2541"]
[BlackElo "2762"]
[Result "0-1"]
[Round "06"]
[TimeControl "180+1"]
[Date "2022.02.15"]
[WhiteClock "0:00:03"]
[BlackClock "0:00:10"]

1. d4 e6 2. c4 b6 3. Nc3 Bb7 4. e4 Bb4 5. Bd3 f5 6. d5 fxe4 7. Bxe4 Qh4 8. Qe2 Nf6 9. Bf3 O-O 10. dxe6 Nc6 11. Be3 Ne4 12. g3 Nxc3 13. gxh4 Nxe2+ 14. Kxe2 dxe6 15. a3 Bd6 16. b4 Rf5 17. Be4 Nd4+ 18. Kd3 Bxe4+ 19. Kxe4 Nc2 20. Ra2 Nxe3 21. fxe3 a5 22. bxa5 Re5+ 23. Kd3 Bc5 24. Re2 Rxa5 25. Nf3 Rxa3+ 26. Kc2 Ra2+ 27. Kd3 Rxe2 28. Kxe2 Rxe3+ 29. Kf2 Rc3+ 30. Kg3 Bd6+ 31. Kg2 Rc2+ 32. Kh3 Rxc4 33. Re1 e5 34. h5 h6 35. Nh4 Be7 36. Ng6 Bf6 37. Rd1 Kf7 38. Kg3 b5 39. h4 b4 40. Rd5 Ke6 41. Rb5 c6 42. Rb7 Kd5 43. Nf8 c5 44. Rb8 e4 45. Nd7 Be5+ 46. Nxe5 Kxe5 0-1


[Site "https://www.chess.com"]

[Event "Titled Tuesday Blitz February 15 Early 2022"]
[White "Crispin Ferreras, Darvi Abraham"]
[Black "Bhagwat, Vinod"]
[WhiteFideId "6402771"]
[BlackFideId "5005949"]
[WhiteElo "2187"]
[BlackElo "2115"]
[Result "0-1"]
[Round "06"]
[TimeControl "180+1"]
[Date "2022.02.15"]
[WhiteClock "0:00:11"]
[BlackClock "0:00:15"]

1. c4 e5 2. Nc3 Nf6 3. g3 Bb4 4. Bg2 Bxc3 5. bxc3 O-O 6. e4 d6 7. Ne2 Nc6 8. O-O Be6 9. d3 Qd7 10. Rb1 b6 11. Re1 Bh3 12. Bh1 Rad8 13. d4 Na5 14. Qd3 h6 15. d5 Qa4 16. Rb4 Qxa2 17. Be3 Ng4 18. Bd2 f5 19. Nc1 fxe4 20. Bxe4 Qa3 21. f3 Nf6 22. Bg6 c5 23. dxc6 Nxc6 24. Rb5 Kh8 25. Be3 e4 26. Bxe4 Ne5 27. Rxe5 dxe5 28. Bd5 Be6 29. Qg6 Nxd5 30. cxd5 Rf6 31. Qxf6 gxf6 32. dxe6 Qd6 33. Ne2 Kh7 34. f4 Qxe6 35. fxe5 fxe5 36. Nd4 exd4 37. cxd4 Re8 38. Bf2 0-1


[Site "https://www.chess.com"]

[Event "Titled Tuesday Blitz February 15 Early 2022"]
[White "Danaci, Ege"]
[Black "Dew, Brian"]
[WhiteFideId "34506748"]
[BlackFideId "6000495"]
[WhiteElo "1799"]
[BlackElo "2118"]
[Result "1-0"]
[Round "06"]
[TimeControl "180+1"]
[Date "2022.02.15"]
[WhiteClock "0:00:06"]
[BlackClock "0:00:01"]

1. e4 e5 2. Nf3 Nc6 3. d4 exd4 4. Nxd4 Bc5 5. Nb3 Bb6 6. Nc3 d6 7. Qe2 Nge7 8. Be3 O-O 9. O-O-O f5 10. f4 fxe4 11. g3 Bg4 12. Qxg4 Bxe3+ 13. Kb1 Nf5 14. Bc4+ Kh8 15. Nxe4 Bb6 16. Ng5 Qf6 17. Qh5 h6 18. Nf7+ Kh7 19. g4 g6 20. Qh3 Qh4 21. Qxh4 Nxh4 22. g5 h5 23. Rhf1 Kg7 24. Nh6 Rae8 25. f5 gxf5 26. Rf4 Re4 27. Rdf1 Rxf4 28. Rxf4 Ng2 29. Nxf5+ Kh7 30. g6+ Kxg6 31. Nh4+ Nxh4 32. Rxf8 Nf5 33. Bd3 1-0


[Site "https://www.chess.com"]

[Event "Titled Tuesday Blitz February 15 Early 2022"]
[White "Dauner, Benedikt"]
[Black "Hakemi, Arman"]
[WhiteFideId "16225899"]
[BlackFideId "22520805"]
[WhiteElo "2230"]
[BlackElo "2208"]
[Result "0-1"]
[Round "06"]
[TimeControl "180+1"]
[Date "2022.02.15"]
[WhiteClock "0:00:02"]
[BlackClock "0:00:26"]

1. d4 Nf6 2. c4 g6 3. Nc3 Bg7 4. Nf3 d6 5. Bg5 O-O 6. e3 c5 7. d5 h6 8. Bh4 g5 9. Bg3 Nh5 10. Qc2 Nd7 11. Be2 Ndf6 12. Nd2 Nxg3 13. hxg3 a6 14. f4 Re8 15. O-O-O b5 16. e4 b4 17. Ncb1 Ng4 18. Bxg4 Bxg4 19. Rde1 e6 20. Nf3 exd5 21. exd5 Qf6 22. fxg5 hxg5 23. Nbd2 Bf5 24. Qb3 a5 25. Rxe8+ Rxe8 26. a4 bxa3 27. Qxa3 Rb8 28. Qc3 Rxb2 29. Qxf6 Bxf6 30. Rf1 Ra2 0-1


[Site "https://www.chess.com"]

[Event "Titled Tuesday Blitz February 15 Early 2022"]
[White "Davtyan, Artur"]
[Black "Ozkan, Taha"]
[WhiteFideId "13308327"]
[BlackFideId "34577173"]
[WhiteElo "2311"]
[BlackElo "2024"]
[Result "0-1"]
[Round "06"]
[TimeControl "180+1"]
[Date "2022.02.15"]
[WhiteClock "0:00:03"]
[BlackClock "0:00:19"]

1. d4 d5 2. c4 c6 3. Nc3 dxc4 4. Nf3 e6 5. a4 Bb4 6. e3 b5 7. Bd2 a5 8. axb5 Bxc3 9. Bxc3 cxb5 10. b3 Bb7 11. bxc4 b4 12. Bd2 Nf6 13. Bd3 O-O 14. O-O Nbd7 15. Qc2 Qc7 16. Rfc1 Rfb8 17. c5 Bc6 18. Rcb1 h6 19. e4 Bb7 20. h3 e5 21. Be3 exd4 22. Bxd4 Bc6 23. e5 Nd5 24. Bf5 Nf8 25. e6 fxe6 26. Be5 Qb7 27. Bxb8 Qxb8 28. Nd4 exf5 29. Nxc6 Qc7 30. Nd4 Nc3 31. Re1 Qxc5 32. Nxf5 a4 33. Re7 Ra7 34. Rxa7 Qxa7 35. Qd2 Qf7 36. Nd6 Qe6 37. Re1 Qd7 38. Qf4 b3 39. Nf5 Ne2+ 40. Rxe2 Qd1+ 41. Kh2 Qxe2 42. Qg3 Ne6 43. Nxh6+ Kf8 44. Ng4 Qe4 45. Qd6+ Kf7 46. Ne5+ Kf6 47. Nd7+ Kg6 48. Ne5+ Kh7 49. Qxe6 Qf4+ 50. Kg1 b2 51. Qa2 Qc1+ 52. Kh2 b1=Q 53. Qe6 Qf4+ 54. g3 Qxf2# 0-1


[Site "https://www.chess.com"]

[Event "Titled Tuesday Blitz February 15 Early 2022"]
[White "De Silva, L M S T"]
[Black "Seemann, Jakub"]
[WhiteFideId "9953698"]
[BlackFideId "21874697"]
[WhiteElo "1631"]
[BlackElo "2003"]
[Result "1-0"]
[Round "06"]
[TimeControl "180+1"]
[Date "2022.02.15"]
[WhiteClock "0:01:39"]
[BlackClock "0:00:04"]

1. e4 c6 2. d4 d5 3. Nc3 dxe4 4. Nxe4 Bf5 5. Ng3 Bg6 6. h4 h6 7. Nf3 Nd7 8. h5 Bh7 9. Bd3 Bxd3 10. Qxd3 Ngf6 11. Bd2 e6 12. O-O-O Bd6 13. Ne4 Nxe4 14. Qxe4 Nf6 15. Qe2 Qc7 16. Kb1 O-O-O 17. g3 c5 18. c4 cxd4 19. Nxd4 a6 20. Bc3 Bc5 21. Nb3 Be7 22. c5 Rxd1+ 23. Rxd1 Rd8 24. Rc1 Rd5 25. c6 bxc6 26. Bxf6 gxf6 27. Qxa6+ Kd7 28. f4 Rxh5 29. Nd4 Rc5 30. Rh1 Rd5 31. Ne2 h5 32. Nc3 Ra5 33. Qc4 Qd6 34. Rd1 Rd5 35. Nxd5 exd5 36. Qe2 f5 37. Qxh5 Qe6 38. Qf3 Bf6 39. Qd3 Ke7 40. a4 Bg7 41. a5 Qf6 42. Qa3+ Kd7 43. a6 1-0


[Site "https://www.chess.com"]

[Event "Titled Tuesday Blitz February 15 Early 2022"]
[White "De Souza Sa, Apolo"]
[Black "Cori T., Deysi"]
[WhiteFideId "324225390"]
[BlackFideId "3801934"]
[WhiteElo "1828"]
[BlackElo "2350"]
[Result "0-1"]
[Round "06"]
[TimeControl "180+1"]
[Date "2022.02.15"]
[WhiteClock "0:00:11"]
[BlackClock "0:01:04"]

1. d4 g6 2. c4 Bg7 3. f3 f5 4. Nc3 d6 5. e4 Nf6 6. Bd3 fxe4 7. fxe4 e5 8. d5 Na6 9. Nf3 Nc5 10. Bc2 a5 11. O-O O-O 12. b3 Nh5 13. Bg5 Qe8 14. a3 Bg4 15. b4 axb4 16. axb4 Rxa1 17. Qxa1 Na6 18. Na2 Bxf3 19. Rxf3 Rxf3 20. gxf3 Qf7 21. Qc3 Nf4 22. Bxf4 Qxf4 23. c5 dxc5 24. bxc5 Bf8 25. c6 Bc5+ 26. Kg2 Qg5+ 27. Kh3 b5 28. Bd3 b4 29. Qc4 Qe3 30. Be2 b3 31. d6+ Kg7 32. d7 Qh6+ 33. Kg2 Qg5+ 34. Kh3 bxa2 35. Qxa6 Qd2 36. Qc4 a1=Q 37. Qxc5 Qh6+ 38. Kg2 Qg5+ 39. Kh3 Qe1 40. d8=Q Qeh4# 0-1


[Site "https://www.chess.com"]